 Dungeon Crawl Stone Soup version 0.25.1-8-g42b30a86e7 (webtiles) character file.

Game seed: 3629889061808201912

5831 H0rd4k the Thaumaturge (level 10, 0/50 HPs)
             Began as a Deep Elf Wizard on Dec 18, 2020.
             Was an Initiate of Gozag.
             Slain by a death yak (23 damage)
             ... on level 9 of the Dungeon.
             The game lasted 00:36:45 (11981 turns).

H0rd4k the Thaumaturge (Deep Elf Wizard)           Turns: 11981, Time: 00:36:45

Health: 0/50       AC: 15    Str:  4    XL:     10   Next: 51%
Magic:  22/29      EV: 14    Int: 27    God:    Gozag
Gold:   1137       SH:  0    Dex: 17    Spells: 21/35 levels left

rFire    + + +     SeeInvis +   p - +2 dagger (elec)
rCold    + . .     Gourm    .   (no shield)
rNeg     . . .     Faith    .   m - +1 robe {rC+}
rPois    .         Spirit   .   b - +0 hat
rElec    .         Reflect  .   (no cloak)
rCorr    .         Harm     .   (no gloves)
MR       +....                  (no boots)
Stlth    +++.......             A - amulet of magic regeneration
HPRegen  0.16/turn              j - +4 ring of protection
MPRegen  0.46/turn              G - ring of Pinaej {Wiz rF+++ Dex+4 SInv}

@: icy armour
A: no striking features
a: Potion Petition, Call Merchant, Bribe Branch, Renounce Religion


You were on level 9 of the Dungeon.
You worshipped Gozag.
Gozag was most pleased with you.
You were not hungry.

You visited 2 branches of the dungeon, and saw 10 of its levels.

You collected 1412 gold pieces.
You spent 120 gold pieces at shops.
You paid 155 gold pieces to Gozag.

Inventory:

Hand Weapons
 f - a +1 dagger of venom
 p - a +2 dagger of electrocution (weapon)
 u - a +1 dagger of holy wrath
 H - the cursed +3 whip "Leviticus" {vamp, *Corrode *Drain Int+9}
   (You found it on level 8 of the Dungeon)

   It inflicts no extra harm, but heals its wielder when it wounds a living foe.
   It affects your intelligence (+9).
   It may corrode you when you take damage.
   It causes draining when unequipped.
   It has a curse placed upon it.
Armour
 b - a +0 hat (worn)
 m - a +1 robe of cold resistance (worn)
Jewellery
 j - a +4 ring of protection (left hand)
 l - an uncursed amulet of regeneration
 w - a +6 ring of dexterity
 y - a +4 ring of evasion
 A - an amulet of magic regeneration (around neck)
 G - the ring of Pinaej (right hand) {Wiz rF+++ Dex+4 SInv}
   (You bought it in a shop on level 7 of the Dungeon)

   [ring of wizardry]

   It improves your spell success rate.
   It affects your dexterity (+4).
   It renders you almost immune to fire.
   It lets you see invisible.
Wands
 h - a wand of flame (6)
 D - a wand of enslavement (3)
Scrolls
 a - a scroll of fog {unknown}
 e - 6 scrolls of remove curse {unknown}
 g - 2 scrolls of enchant armour {unknown}
 k - 2 scrolls of enchant weapon {unknown}
 r - a scroll of noise {unknown}
 s - 7 scrolls of teleportation
 B - a scroll of blinking {unknown}
 C - 2 scrolls of amnesia {unknown}
 E - a scroll of brand weapon {unknown}
 F - a scroll of immolation {unknown}
 I - 2 scrolls of vulnerability {unknown}
 J - a scroll of fear {unknown}
Potions
 c - a potion of might
 i - a potion of heal wounds
 n - 4 potions of curing
 o - 2 potions of mutation
 q - 2 potions of cancellation
 t - a potion of stabbing
 v - a potion of berserk rage
 x - a potion of flight
 z - a potion of brilliance
Comestibles
 d - 13 rations


   Skills:
 + Level 0.3 Short Blades
 + Level 4.1 Dodging
 + Level 4.5 Stealth
 + Level 13.1 Spellcasting
 + Level 8.7 Conjurations
 * Level 5.8 Charms
   Level 1.1 Summonings
 + Level 3.0 Translocations
 + Level 3.9 Fire Magic
 * Level 4.1 Ice Magic
 + Level 2.6 Air Magic
 + Level 3.1 Poison Magic
 + Level 0.2 Evocations


You had 21 spell levels left.
You knew the following spells:

 Your Spells              Type           Power        Failure   Level  Hunger
a - Magic Dart            Conj           ####         1%          1    None
b - Blink                 Tloc           N/A          1%          2    None
c - Conjure Flame         Conj/Fire      ######..     1%          3    None
d - Mephitic Cloud        Conj/Pois/Air  #####...     1%          3    None
e - Shroud of Golubria    Chrm/Tloc      #####.       1%          2    None
f - Ozocubu's Armour      Chrm/Ice       #####...     1%          3    None

Your spell library contained the following spells:

 Spells                   Type           Power        Failure   Level  Hunger
 Beastly Appendage        Tmut           ###...       1%          1    None
 Infusion                 Chrm           ####         1%          1    None
 Call Imp                 Summ           ###.....     1%          2    None
 Slow                     Hex            ###.....     1%          2    None
 Song of Slaying          Chrm           #####...     1%          2    None
 Sticks to Snakes         Tmut           ###.....     1%          2    None
 Spectral Weapon          Hex/Chrm       ####....     1%          3    None
 Spider Form              Tmut/Pois      ####......   1%          3    None
 Ice Form                 Ice/Tmut       ####....     6%          4    None
 Blade Hands              Tmut           ###.......   32%         5    ##.....


Dungeon Overview and Level Annotations

Branches:
Dungeon (9/15)             Temple (1/1) D:6            Lair (0/6) D:9
    Orc (0/2) D:9

Altars:
Ashenzari
Cheibriados
Dithmenos
Elyvilon
Fedhas
Gozag
Hepliaklqana
Kikubaaqudgha
Makhleb
Nemelex Xobeh
Okawaru
Qazlal
Ru
Sif Muna
Trog
Uskayaw
Vehumet
Wu Jian
Xom
Yredelemnul
Zin
The Shining One

Shops:
D:4 *   D:6 :   D:7 *

Annotations:
D:7 2 transporters, exclusion: downstairs, Thomus's ghost, novice HOFi
D:8 exclusions: 2 downstairs and orc


Message History

Casting: Magic Dart (safe; 1% risk of failure)
Confirm with . or Enter, or press ? or * to list all spells.
Aiming: Magic Dart (safe; 1% risk of failure)
Press: ? - help, Shift-Dir - straight line, f/p - death yak
Aim: a death yak (flame, severely wounded)
The magic dart hits the death yak but does no damage.
The death yak is severely wounded.
The death yak is engulfed in blazing flames.
The death yak gores you but does no damage.
Casting: Magic Dart (safe; 1% risk of failure)
Confirm with . or Enter, or press ? or * to list all spells.
Aiming: Magic Dart (safe; 1% risk of failure)
Press: ? - help, Shift-Dir - straight line, f/p - death yak
Aim: a death yak (flame, almost dead)
The magic dart hits the death yak but does no damage.
The death yak is almost dead.
The death yak is engulfed in blazing flames.
The death yak gores you!!
You die...
Your body crumbles into a pile of gold.

#.##
#.......###.#
#
##......###.##
#......##.###
.. #........#
.
..#...####..##
..... ....
#...# .... #.#
#...## ....#
#.#####....#
a$..
#..#.Y@...[##
...
##....####...#
# #...Y##
##..# #..##.##
#.## .... #..#
### ##. #..#
#. #..# #.
#..##### #..
#......##


You could see 2 death yaks.

Vanquished Creatures
  A two-headed ogre (D:8)
  A hornet (D:9)
  Prince Ribbit (D:7)
  Grum (D:8)
  4 orc warriors
  2 phantoms
  3 sky beasts
  2 black bears
  An ice beast (D:8)
  3 ogres
  4 centaurs
  4 wolves (D:8)
  A big kobold (D:9)
  5 bullfrogs
  A wyvern zombie (D:9)
  2 scorpions
  6 killer bees (D:8)
  3 wights (D:8)
  5 howler monkeys
  2 crimson imps
  2 hounds
  2 bullfrog zombies
  A jelly (D:9)
  6 orc priests
  9 orc wizards
  Jessica (D:2)
  Natasha (thrice) (D:2)
  7 iguanas
  11 worker ants
  2 hound skeletons
  A howler monkey zombie (D:8)
  3 gnolls (D:8)
  A howler monkey skeleton (D:5)
  12 adders
  7 river rats (D:8)
  A shadow imp (D:5)
  An ooze (D:1)
  An adder skeleton (D:7)
  An adder zombie (D:9)
  2 worms
  4 leopard geckos
  33 orcs
  2 bats (D:2)
  3 giant cockroaches
  10 goblins
  6 hobgoblins
  7 jackals
  13 kobolds
  10 quokkas
  2 ball pythons (D:2)
  A frilled lizard (D:2)
  A jackal skeleton (D:5)
  A jackal zombie (D:4)
  A leopard gecko skeleton (D:6)
  27 rats
247 creatures vanquished.

Vanquished Creatures (collateral kills)
  A killer bee (D:8)
1 creature vanquished.

Vanquished Creatures (others)
  A rat (D:9)
1 creature vanquished.

Grand Total: 249 creatures vanquished

Notes
Turn   | Place    | Note
-------+----------+-------------------------------------------
     0 | D:1      | H0rd4k the Deep Elf Wizard began the quest for the Orb.
     0 | D:1      | Reached XP level 1. HP: 10/10 MP: 7/7
   277 | D:1      | Reached skill level 5 in Spellcasting
   277 | D:1      | Reached XP level 2. HP: 15/15 MP: 2/10
   768 | D:2      | Reached XP level 3. HP: 19/19 MP: 4/12
   798 | D:2      | Learned a level 2 spell: Blink
   802 | D:2      | Learned a level 3 spell: Conjure Flame
   806 | D:2      | Learned a level 3 spell: Mephitic Cloud
  1075 | D:2      | Reached skill level 6 in Spellcasting
  1099 | D:2      | Noticed Natasha
  1106 | D:2      | Killed Natasha
  1106 | D:2      | Reached skill level 1 in Fire Magic
  1106 | D:2      | Reached XP level 4. HP: 12/24 MP: 4/14
  1285 | D:2      | Found a shattered altar of Ashenzari.
  1285 | D:2      | Noticed Jessica
  1294 | D:2      | Killed Jessica
  1622 | D:2      | Noticed Natasha
  1630 | D:2      | Killed Natasha
  1630 | D:2      | Reached XP level 5. HP: 28/28 MP: 6/15
  1785 | D:2      | Noticed Natasha
  1793 | D:2      | Killed Natasha
  2121 | D:3      | Reached skill level 1 in Poison Magic
  2495 | D:3      | Reached skill level 1 in Air Magic
  2556 | D:3      | You fall into a shaft and drop 3 floors!
  2621 | D:6      | You fall into a shaft and drop 1 floor!
  2641 | D:7      | Reached XP level 6. HP: 32/32 MP: 3/17
  2643 | D:7      | Found a transporter.
  2742 | D:7      | Reached skill level 7 in Spellcasting
  2821 | D:7      | Noticed a moth of wrath
  2821 | D:7      | Noticed a wyvern
  2821 | D:7      | Noticed Thomus's ghost (novice HOFi)
  2826 | D:7      | Noticed a water moccasin
  2831 | D:7      | Noticed a sky beast
  2865 | D:7      | Killed a sky beast
  2899 | D:7      | Noticed Prince Ribbit
  3011 | D:7      | Reached XP level 7. HP: 31/36 MP: 12/20
  3185 | D:5      | Entered Level 5 of the Dungeon
  3449 | D:5      | Reached skill level 8 in Spellcasting
  3636 | D:5      | Found a burning altar of Makhleb.
  3780 | D:5      | Found a hazy altar of Hepliaklqana.
  4031 | D:3      | Learned a level 2 spell: Shroud of Golubria
  4035 | D:3      | Learned a level 3 spell: Ozocubu's Armour
  4540 | D:3      | Found an iron altar of Okawaru.
  5272 | D:4      | Found Dadiolum's Assorted Antiques.
  5679 | D:5      | Reached skill level 9 in Spellcasting
  5679 | D:5      | Reached skill level 5 in Conjurations
  5679 | D:5      | Reached XP level 8. HP: 41/41 MP: 18/23
  6514 | D:6      | Reached skill level 10 in Spellcasting
  6584 | D:6      | Found Lirunt's Book Shoppe.
  6716 | D:6      | Found a staircase to the Ecumenical Temple.
  6918 | Temple   | Entered the Ecumenical Temple
  7095 | Temple   | Became a worshipper of Gozag Ym Sagoz the Greedy
  7455 | D:6      | Found a burning altar of Makhleb.
  7774 | D:7      | Found Touhi's Assorted Antiques.
  7806 | D:7      | Bought a heavily runed copper ring for 120 gold pieces
  7807 | D:7      | Identified the ring of Pinaej {Wiz rF+++ Dex+4 SInv} (You
                  | bought it in a shop on level 7 of the Dungeon)
  7872 | D:7      | Killed Prince Ribbit
  7872 | D:7      | Reached XP level 9. HP: 39/45 MP: 18/25
  7977 | D:7      | Reached skill level 11 in Spellcasting
  8145 | D:7      | Found a transporter.
  8332 | D:8      | Got an ichor-stained whip
  8612 | D:8      | Reached skill level 1 in Charms
  8876 | D:8      | Reached skill level 1 in Ice Magic
  9297 | D:8      | Noticed a two-headed ogre
  9339 | D:8      | Killed a two-headed ogre
  9641 | D:8      | Noticed Grum
  9683 | D:8      | Identified the cursed +3 whip "Leviticus" {vamp, *Corrode
                  | *Drain Int+9} (You found it on level 8 of the Dungeon)
  9748 | D:8      | Reached skill level 12 in Spellcasting
  9781 | D:8      | Killed Grum
  9781 | D:8      | Reached XP level 10. HP: 46/50 MP: 11/28
 10987 | D:9      | Found a staircase to the Lair.
 10987 | D:9      | Noticed a death yak
 10987 | D:9      | Noticed a death yak
 10987 | D:9      | Noticed a death yak
 10988 | D:9      | Found a staircase to the Orcish Mines.
 11327 | D:9      | Reached skill level 5 in Charms
 11506 | D:9      | Found a shadowy altar of Dithmenos.
 11780 | D:9      | Reached skill level 13 in Spellcasting
 11981 | D:9      | Slain by a death yak

Illustrated notes

Levels and vault maps discovered:
D:1:      minmay_arrival_radiant_lines, layout_rooms,
          chequers_serial_rivers_small_a
D:2:      layout_basic, lemuel_round_altar, minivault_26, minmay_liquid_box,
          uniq_jessica, uniq_natasha
D:3:      layout_loops_ring, okawaru_metal_pillars_1_2
D:4:      layout_loops_ring, first_ration, serial_shops,
          nicolae_shop_temple_entry_statues_fountains, dk_noncrumbling_3,
          minmay_unequal
D:5:      layout_loops_corners, nicolae_overflow_crystal_walls, basic_altar
D:6:      layout_loops_cross, makhleb_heckhound_becter,
          minmay_temple_entry_glass, serial_shops, shop
D:7:      layout_loops_ring, serial_shops, shop_fountains,
          gammafunk_ghost_berserking_beasts, hangedman_decor_diamond_cutter,
          uniq_prince_ribbit1
D:8:      lemuel_ratsnest, layout_basic, uniq_grum
D:9:      layout_layer_cave, dpeg_lair_monsters, orc_0_dummy, basic_altar
Temple:   eino_narrow_crystal_temple

Skill      XL: |  1  2  3  4  5  6  7  8  9 10 |
---------------+-------------------------------+-----
Spellcasting   | 5 6 7 9 10 12 13 | 13.1
Fire Magic     | 1 2 3 |  3.9
Poison Magic   | 1 2 3 |  3.1
Stealth        | 3 4 |  4.5
Conjurations   | 2 4 5 7 8 |  8.7
Air Magic      | 1 2 |  2.6
Dodging        | 3 4 |  4.1
Translocations | 2 3 |  3.0
Charms         | 3 5 |  5.8
Ice Magic      | 3 4 |  4.1
Short Blades   | |  0.3
Summonings     | |  1.1
Evocations     | |  0.2

Action                   |  1- 3 |  4- 6 |  7- 9 | 10-12 || total
-------------------------+-------+-------+-------+-------++-------
Melee: Dagger            |       |       |     7 |     2 ||     9
 Cast: Magic Dart        |    69 |   130 |   536 |   241 ||   976
       Conjure Flame     |       |     3 |    35 |    23 ||    61
       Mephitic Cloud    |       |     1 |    16 |    14 ||    31
       Blink             |       |       |    10 |    11 ||    21
       Shroud of Golubri |       |       |     1 |     2 ||     3
       Ozocubu's Armour  |       |       |       |     1 ||     1
Evoke: Wand              |       |       |     2 |     1 ||     3
  Use: Potion            |       |       |     3 |     2 ||     5
       Scroll            |       |       |     8 |     1 ||     9
  Eat: Chunk             |       |     6 |    12 |       ||    18
       Ration            |       |       |     3 |     2 ||     5
Armor: Robe              |       |    10 |    38 |    24 ||    72
Dodge: Dodged            |     7 |    29 |   104 |    82 ||   222
